 Dungeon Crawl Stone Soup version 0.16.1-28-gcc2312f (webtiles) character file.

203 Kormor the Covered (level 5, -6/47 HPs)
             Began as a Minotaur Fighter on June 5, 2015.
             Killed by divine providence
             ... invoked by an orc priest
              (11 damage)
             ... on level 4 of the Dungeon.
             The game lasted 00:14:29 (2777 turns).

Kormor the Covered (Minotaur Fighter)               Turns: 2777, Time: 00:14:29

Health: -6/47      AC: 13    Str: 25    XL:     5   Next: 51%
Magic:  2/2        EV:  7    Int:  5    God:
Gold:   267        SH: 10    Dex: 11    Spells: 0 memorised, 4 levels left

rFire  . . .     SeeInvis .     a - +0 flail
rCold  . . .     Clarity  .     n - +0 chain mail
rNeg   . . .     SustAb   .     c - +0 shield
rPois  .         Gourm    +     (helmet restricted)
rElec  .         Spirit   .     i - +1 cloak
rCorr  .         Warding  .     (no gloves)
rMut   .         Stasis   .     m - +0 pair of boots
MR     .....                    f - amulet of the gourmand
Stlth  ..........               (no ring)
                                (no ring)

@: mighty, not resistant to hostile enchantments, extremely unstealthy
A: retaliatory headbutt, horns 2
a: no special abilities


You were on level 4 of the Dungeon.
You were not hungry.

You visited 1 branch of the dungeon, and saw 4 of its levels.

You collected 267 gold pieces.

Inventory:

Hand weapons
 a - a +0 flail (weapon)
Armour
 c - a +0 shield (worn)
 i - a +1 cloak (worn)
 m - a +0 pair of boots (worn)
 n - a +0 chain mail (worn)
Jewellery
 f - an amulet of the gourmand (around neck)
Scrolls
 h - a scroll of blinking
 j - 2 scrolls of identify
 o - a scroll of teleportation
Potions
 e - a potion of might
 k - a potion of haste
 p - a potion of magic {unknown}
Books
 g - a book of Enchantments

   Spells                             Type                      Level
   a - Tukima's Dance                 Hexes                        3
   b - Cause Fear                     Hexes                        4
   c - Silence                        Hexes/Air                    5
   d - Deflect Missiles               Charms/Air                   6
   e - Haste                          Charms                       6
   f - Discord                        Hexes                        8
Comestibles
 d - 2 bread rations
 l - 3 fruits


   Skills:
 + Level 4.5 Fighting
 + Level 3.2 Maces & Flails
 + Level 5.0 Armour
 + Level 2.1 Dodging
 + Level 0.3 Stealth
 + Level 4.9 Shields


You had 4 spell levels left.
You didn't know any spells.

Dungeon Overview and Level Annotations

Branches:
Dungeon (4/15)
 Temple: D:4-7

Altars:
Elyvilon


Innate Abilities, Weirdness & Mutations

You reflexively headbutt those who attack you in melee.
You have a pair of horns on your head.


Message History

Your shield and chain mail prevent you from hitting the orc priest.
You barely miss the orc priest.
The orc priest hits you but does no damage.
The orc priest invokes the aid of Beogh against you.
Pain shoots through your body!
* * * LOW HITPOINT WARNING * * *
The orc priest hits you but does no damage.
Drink which item? (? for menu, Esc to quit)
You feel very mighty all of a sudden.
The orc priest hits you but does no damage. x2
You barely miss the orc priest. You headbutt the orc priest!
You kill the orc priest!
Your Dodging skill increases to level 2!
The orc priest hits you but does no damage.
You sock the orc priest!
The orc priest is heavily wounded.
The orc priest hits you but does no damage.
The orc priest mumbles some strange prayers to Beogh against you.
Something smites you!
You die...

#...........#.###.....$..
#..####.###.#.#....:.....
#..# #.# #.#.#..........
#..# #.# #)#.#..........
#.(####.###.#.##..#.....>
#........)........##..).
##.###.#.##.####.## #...
#.# #.#.##.####o### #.
#.# #.#.##.....@).#
#.###)#.##.####.#.#
#..........# #.#.#
###.....##.# #.#.#
#.#.####.# #.#.# #.#.#
#.# #.#.# #.#.. ... ..#.#
# ### #.# ..#.# . ....#


You could see an orc priest.

Vanquished Creatures
  A centaur zombie (D:4)
  2 orc priests (D:4)
  2 orc wizards (D:4)
  A worm (D:3)
  An ooze (D:4)
  5 orcs
  5 goblins
  6 hobgoblins
  A jackal (D:3)
  3 kobolds
  A quokka (D:2)
  3 ball pythons
  11 bats
  A giant gecko (D:2)
  5 giant newts
  A quokka skeleton (D:4)
  13 rats
62 creatures vanquished.

Notes
Turn   | Place    | Note
--------------------------------------------------------------
     0 | D:1      | Kormor, the Minotaur Fighter, began the quest for the Orb.
     0 | D:1      | Reached XP level 1. HP: 19/19 MP: 1/1
   158 | D:1      | Reached skill level 4 in Armour
   165 | D:1      | Reached XP level 2. HP: 27/27 MP: 1/1
   695 | D:2      | Found a white marble altar of Elyvilon.
  1113 | D:3      | Reached XP level 3. HP: 17/33 MP: 2/2
  2146 | D:4      | Reached XP level 4. HP: 19/40 MP: 2/2
  2152 | D:4      | Reached skill level 1 in Dodging
  2731 | D:4      | Reached skill level 5 in Armour
  2731 | D:4      | Reached XP level 5. HP: 45/47 MP: 2/2
  2777 | D:4      | Killed from afar by an orc priest

Action                   |  1- 3 |  4- 6 || total
-------------------------+-------+-------++-------
Melee: Flail             |   110 |    57 ||   167
  Use: Scroll            |     7 |       ||     7
       Potion            |     4 |     1 ||     5
  Eat: Chunk             |     4 |     2 ||     6
